 Dungeon Crawl Stone Soup version 0.29.1-12-g30fa7ad0bf (webtiles) character file.

Game seed: 14285358166766278522

1390 FexLirch the Sneak (level 8, -12/52 HPs)
             Began as an Octopode Delver on Jan 11, 2023.
             Mangled by a wyvern (15 damage)
             ... on level 6 of the Dungeon.
             The game lasted 00:22:17 (6903 turns).

FexLirch the Sneak (Octopode Delver)                Turns: 6903, Time: 00:22:17

Health: -12/52     AC:  1    Str: 12    XL:     8   Next: 68%
Magic:  2/15       EV: 17    Int: 14    God:
Gold:   319        SH:  0    Dex: 19    Spells: 7/17 levels left

rFire   . . .      SeeInvis .     - Unarmed
rCold   . . .      Faith    .   (no shield)
rNeg    . . .      Spirit   .   (helmet restricted)
rPois   .          Reflect  .   p - amulet of magic regeneration
rElec   .          Harm     .   t - +6 ring of dexterity
rCorr   .          Rampage  .   v - +4 ring of evasion
Will    .....                   (no ring)
Stlth   +++++.....              (no ring)
HPRegen 0.17/turn               (no ring)
MPRegen 0.54/turn               (no ring)
                                (no ring)
                                (no ring)

@: no status effects
A: almost no armour, amphibious, 8 rings, camouflage 1, gelatinous body 1,
(nimble swimmer 1), tentacles
a: no special abilities


You were on level 6 of the Dungeon.
You visited 1 branch of the dungeon, and saw 6 of its levels.

You collected 319 gold pieces.

Inventory:

Jewellery
 p - an amulet of magic regeneration (around mantle)
 t - a +6 ring of dexterity (left tentacle)
 v - a +4 ring of evasion (right tentacle)
Wands
 e - a wand of digging (3)
Scrolls
 a - a scroll of fog
 b - 3 scrolls of magic mapping
 c - 3 scrolls of fear
 i - a scroll of vulnerability {unknown}
 j - 5 scrolls of identify
 l - 2 scrolls of enchant armour {unknown}
 m - a scroll of brand weapon {unknown}
 n - 2 scrolls of summoning {unknown}
 q - 2 scrolls of silence
 s - 3 scrolls of teleportation {unknown}
 w - a scroll of enchant weapon {unknown}
Potions
 d - 4 potions of haste
 f - a potion of curing {unknown}
 g - a potion of flight {unknown}
 h - 3 potions of heal wounds {unknown}
 k - 2 potions of degeneration {unknown}
 o - 2 potions of might {unknown}
 r - 2 potions of lignification {unknown}
 u - a potion of ambrosia {unknown}
 x - a potion of brilliance {unknown}
 z - a potion of attraction {unknown}
Miscellaneous
 y - a lightning rod (4/4)


   Skills:
 - Level 3.0 Fighting
 - Level 2.0 Dodging
 - Level 6.6 Stealth
 - Level 2.0 Unarmed Combat
 + Level 5.0 Spellcasting
 + Level 5.0 Conjurations
 + Level 2.3 Air Magic
 - Level 6.2 Earth Magic


You had 7 spell levels left.
You knew the following spells:

 Your Spells              Type           Power      Damage    Failure   Level
a - Sandblast             Erth           42%        2d11      1%          1
b - Passwall              Tmut/Erth      10%        N/A       8%          2
c - Stone Arrow           Conj/Erth      38%        3d9       5%          3
d - Swiftness             Air            10%        N/A       21%         3
e - Shock                 Conj/Air       52%        1d6       3%          1

Your spell library contained the following spells:

 Spells                   Type           Power      Damage    Failure   Level
 Beastly Appendage        Tmut           6%         N/A       17%         1
 Wereblood                Tmut           3%         N/A       26%         2
 Spider Form              Tmut/Pois      3%         N/A       45%         3
 Tukima's Dance           Hex            3%         N/A       45%         3
 Airstrike                Air            5%         2d(1-17)  54%         4
 Passage of Golubria      Tloc           3%         N/A       86%         4
 Yara's Violent Unravell  Hex/Tmut       1%         3d3       99%         5


Dungeon Overview and Level Annotations

Branches:
Dungeon (6/15)
 Temple: D:4-7

Altars:
Ashenzari
Elyvilon
Fedhas
Gozag
Nemelex Xobeh
Yredelemnul

Annotations:
D:5 1 runed translucent door, exclusions: 2 orcs, orc priest and orc wizard


Innate Abilities, Weirdness & Mutations

You cannot wear most types of armour.
You are amphibious.
You can wear up to eight rings at the same time.
Your skin changes colour to match your surroundings (Stealth+).
Your rubbery body absorbs attacks. (AC +1, EV +1)
((You are camouflaged when in or above water. (Stealth+)))
You have tentacles for arms and can constrict up to eight enemies at once.


Message History

An orc comes into view. It is wielding a +1 vorpal hand axe.
Casting: Stone Arrow (dangerous; 5% risk of failure)
Confirm with . or Enter, or press ? or * to list all spells.
Aiming: Stone Arrow (dangerous; 5% risk of failure)
Press: ? - help, Shift-Dir - straight line, f/p - wyvern
Aim: a wyvern (almost dead, 68% to hit)
The stone arrow misses the wyvern.
The orc shouts!
The wyvern misses you. The wyvern bites you!
Casting: Stone Arrow (dangerous; 5% risk of failure)
Confirm with . or Enter, or press ? or * to list all spells.
Aiming: Sandblast (safe; 1% risk of failure)
Press: ? - help, Shift-Dir - straight line, f/p - wyvern
Aim: a wyvern (almost dead, 83% to hit)
The blast of sand misses the wyvern.
The blast of sand hits the orc priest!
The orc priest is heavily wounded.
The wyvern bites you!
* * * LOW HITPOINT WARNING * * *
The wyvern misses you.
Casting: Sandblast (safe; 1% risk of failure)
Confirm with . or Enter, or press ? or * to list all spells.
Aiming: Sandblast (safe; 1% risk of failure)
Press: ? - help, Shift-Dir - straight line, f/p - wyvern
Aim: a wyvern (almost dead, 83% to hit)
The blast of sand hits the wyvern but does no damage.
The wyvern is almost dead.
The wyvern completely misses you. The wyvern barely misses you.
Okay, then.
Unknown command.
Casting: Sandblast (safe; 1% risk of failure)
Confirm with . or Enter, or press ? or * to list all spells.
Aiming: Sandblast (safe; 1% risk of failure)
Press: ? - help, Shift-Dir - straight line, f - orc, p - wyvern
Aim: an orc, wielding a +1 vorpal hand axe (83% to hit)
The blast of sand hits the wyvern.
The wyvern is almost dead.
The wyvern closely misses you. The wyvern misses you.
An orc comes into view. It is wielding a +0 short sword.
The wyvern bites you!
You die...

#.###########.#...
##.....<....†...... ..
........######.#.#.
....#######.######.#.#.
.......................
####................
#.#####.######.##
o..#####.# ### #.##
....ool@.# #...
##.####### #### # # # #
# # #


You could see a wyvern, an orc priest and 2 orcs.

Vanquished Creatures
  Edmund (D:5)
  A sky beast (D:6)
  An ogre (D:5)
  A centaur (D:5)
  2 phantoms
  A bullfrog (D:6)
  3 scorpions
  A howler monkey (D:6)
  2 jellies
  2 hounds
  3 orc priests
  4 iguanas
  An orc wizard (D:4)
  7 gnolls
  6 adders
  A shadow imp (D:5)
  An ufetubus (D:6)
  2 worms
  3 dart slugs
  12 orcs
  5 ball pythons
  2 bats (D:1)
  4 endoplasms
  4 giant cockroaches
  6 goblins
  7 hobgoblins
  7 jackals
  8 kobolds
  2 quokkas
  A kobold zombie (D:5)
  A rat (D:1)
102 creatures vanquished.

Notes
Turn   | Place    | Note
-------+----------+-------------------------------------------
     0 | D:5      | FexLirch the Octopode Delver began the quest for the Orb.
     0 | D:5      | Reached XP level 1. HP: 16/16 MP: 1/1
     2 | D:5      | Noticed an ogre
   192 | D:4      | Noticed an orc wizard
   264 | D:4      | Noticed an orc priest
   281 | D:4      | Reached skill level 1 in Spellcasting
   304 | D:4      | Reached XP level 2. HP: 18/21 MP: 4/4
   306 | D:4      | Learned a level 1 spell: Shock
   864 | D:2      | Reached XP level 3. HP: 26/26 MP: 1/5
  1148 | D:1      | Learned a level 3 spell: Swiftness
  1224 | D:1      | Reached skill level 1 in Conjurations
  1224 | D:1      | Reached skill level 1 in Air Magic
  1284 | D:1      | Found a faded altar of an unknown god.
  1285 | D:1      | Noticed a golden eye
  1293 | D:1      | Noticed a shining eye
  1316 | D:1      | Noticed a golden eye
  1316 | D:1      | Noticed an eye of devastation
  1944 | D:2      | Reached XP level 4. HP: 22/31 MP: 7/7
  2585 | D:3      | Learned a level 3 spell: Stone Arrow
  2618 | D:3      | Found a blossoming altar of Fedhas.
  2618 | D:3      | Found a white marble altar of Elyvilon.
  2618 | D:3      | Found a sparkling altar of Nemelex Xobeh.
  2664 | D:3      | Found a broken altar of Ashenzari.
  3002 | D:3      | Reached XP level 5. HP: 31/36 MP: 7/9
  3005 | D:3      | Learned a level 2 spell: Passwall
  3080 | D:4      | Reached skill level 1 in Earth Magic
  3409 | D:4      | Reached XP level 6. HP: 15/42 MP: 7/10
  3686 | D:4      | Found an opulent altar of Gozag.
  4238 | D:5      | Noticed Edmund
  4473 | D:5      | Reached XP level 7. HP: 26/46 MP: 12/12
  4659 | D:5      | Learned a level 1 spell: Sandblast
  4667 | D:5      | Found a runed translucent door.
  4667 | D:5      | Noticed a human
  4671 | D:5      | Found a basalt altar of Yredelemnul.
  5197 | D:5      | Found the +1 Delatra's gloves {ID++}
  5939 | D:5      | Killed Edmund
  5940 | D:5      | Reached skill level 5 in Earth Magic
  5940 | D:5      | Reached XP level 8. HP: 20/52 MP: 10/14
  6858 | D:6      | Reached skill level 5 in Spellcasting
  6858 | D:6      | Reached skill level 5 in Conjurations
  6894 | D:6      | Noticed a wyvern
  6901 | D:6      | HP: 2/52 [wyvern (14)]
  6903 | D:6      | Mangled by a wyvern

Illustrated notes

Levels and vault maps discovered:
D:1:      lightli_molten_gateway, layout_rooms,
          hellmonk_ecumenical_altar_watching_god
D:2:      layout_rooms, grunt_ministairs_2
D:3:      layout_loops_ring, gammafunk_temple_overflow_claw,
          evilmike_ruin_ashenzari, grunt_decor_arrowhead
D:4:      layout_gridville, nicolae_gozag_cash_rules_everything_around_me,
          minmay_crystal_water
D:5:      layout_loops_ring, dk_yredelemnul_ordeal,
          nicolae_elevator_lobby_asterisk, uniq_edmund
D:6:      layout_loops_ring, minmay_temple_entry_fiery, grunt_ministairs_6,
          dk_noncrumbling_2

Skill      XL: |  1  2  3  4  5  6  7  8 |
---------------+-------------------------+-----
Spellcasting   | 1 2 3 4 5 |  5.0
Conjurations   | 1 2 3 4 5 |  5.0
Air Magic      | 1 2 |  2.3
Earth Magic    | 2 3 5 6 |  6.2
Fighting       | |  3.0
Dodging        | |  2.0
Stealth        | |  6.6
Unarmed Combat | |  2.0

Action                   |  1- 3 |  4- 6 |  7- 9 || total
-------------------------+-------+-------+-------++-------
Melee: Unarmed           |    51 |    64 |     5 ||   120
       Constrict         |    16 |    13 |     1 ||    30
       Tentacles         |    10 |    17 |     1 ||    28
       Punch             |     3 |     1 |       ||     4
 Cast: Shock             |    46 |   109 |    29 ||   184
       Sandblast         |       |       |    73 ||    73
       Swiftness         |       |       |     4 ||     4
       Passwall          |       |       |     3 ||     3
       Stone Arrow       |       |       |    16 ||    16
  Use: Scroll            |       |       |     1 ||     1
 Stab: Sleeping          |     1 |       |       ||     1
Armor: Skin              |     5 |     6 |     4 ||    15
Dodge: Dodged            |    28 |    52 |    76 ||   156
